 Dungeon Crawl Stone Soup version 0.18.1-48-g4cf74bf (webtiles) character file.

44 Joat the Caller (level 3, 0/19 HPs)
             Began as a Tengu Summoner on Aug 5, 2016.
             Slain by Natasha (6 damage)
             ... on level 2 of the Dungeon.
             The game lasted 00:14:33 (1567 turns).

Joat the Caller (Tengu Summoner)                    Turns: 1567, Time: 00:14:34

Health: 0/19       AC:  2    Str:  8    XL:     3   Next: 60%
Magic:  0/7        EV: 12    Int: 16    God:
Gold:   60         SH:  0    Dex: 14    Spells: 3 memorised, 0 levels left

rFire  . . .     SeeInvis .     k - +3 short sword
rCold  . . .     Gourm    .     a - +0 robe
rNeg   . . .     Faith    .     (no shield)
rPois  .         Spirit   .     (helmet restricted)
rElec  .         Dismiss  .     (no cloak)
rCorr  .         Reflect  .     (no gloves)
SustAt .         Harm     .     (boots unavailable)
MR     .....                    (no amulet)
Stlth  ++........               (no ring)
                                (no ring)

@: slowed, very slow, not resistant to hostile enchantments, unstealthy
A: beak, talons 3
a: no special abilities


You were on level 2 of the Dungeon.
You were not hungry.

You visited 1 branch of the dungeon, and saw 2 of its levels.

You collected 60 gold pieces.

Inventory:

Hand Weapons
 j - a +0 dagger
 k - a +3 short sword (weapon)
Armour
 a - a +0 robe (worn)
Scrolls
 e - 3 scrolls of fear {unknown}
 h - a scroll of identify {unknown}
 m - a scroll of enchant weapon {unknown}
 n - a scroll of random uselessness {unknown}
Potions
 d - a potion of berserk rage {unknown}
 f - a potion of mutation {unknown}
 g - a potion of lignification {unknown}
 i - a potion of haste {unknown}
Books
 b - a book of Callings

   Spells                             Type                      Level
   a - Summon Small Mammal            Summoning                    1
   b - Call Imp                       Summoning                    2
   c - Call Canine Familiar           Summoning                    3
   d - Summon Guardian Golem          Hexes/Summoning              3
   e - Summon Lightning Spire         Summoning/Air                4
   f - Summon Ice Beast               Ice/Summoning                4
 l - a book of Beasts

   Spells                             Type                      Level
   a - Summon Butterflies             Summoning                    1
   b - Call Canine Familiar           Summoning                    3
   c - Summon Ice Beast               Ice/Summoning                4
   d - Summon Mana Viper              Hexes/Summoning              5
   e - Summon Hydra                   Summoning                    7
Comestibles
 c - a bread ration
 o - 2 chunks of flesh


   Skills:
 - Level 2.1 Dodging
 - Level 2.0 Stealth
 - Level 2.0 Spellcasting
 + Level 6.3 Summonings


You couldn't memorise any spells.
You knew the following spells:

 Your Spells              Type           Power        Failure   Level  Hunger
a - Summon Small Mammal   Summ           ###.         1%          1    #......
b - Call Imp              Summ           ###.....     2%          2    ###....
c - Summon Guardian Gole  Hex/Summ       ##......     17%         3    ###....


Dungeon Overview and Level Annotations

Branches:
Dungeon (2/15)

Altars:

Annotations:
D:2 Natasha


Innate Abilities, Weirdness & Mutations

You have a beak for a mouth.
You have claws for feet.


Message History

Natasha claws you.
Casting: Summon Guardian Golem
Confirm with . or Enter, or press ? or * to list all spells.
A beastly little devil appears in a puff of flame.
Your crimson imp says, "You called?"
Natasha claws you. Natasha claws you.
Natasha stares at you and mumbles some strange words.
You resist with significant effort. Natasha closely misses you.
Natasha casts a spell at you.
You feel yourself slow down. Natasha claws you.
You swap places.
Natasha claws your guardian golem.
Your crimson imp blinks!
Casting: Call Imp
Confirm with . or Enter, or press ? or * to list all spells.
Your guardian golem disappears in a puff of smoke!
Natasha claws you.
You die...

#...> ..
#.........##......
#...## #.####.#
#.#.....#### #.#
#.###.#.....# ..#
#.##........# #.#
#.##..#.....# ..#####.#
#.##..#.....#
........####.....)...###
#.....h§....5.###.#
#.##.##@.###......#
#.##r.###.###..#
#..5......# #..#
####.....## #..#
#.#####.##### .... ###
#...5...# #### #..
........### ###
.######.# ...


You could see Natasha, 2 friendly crimson imps and a friendly rat.

Vanquished Creatures
  A rat (D:1)
1 creature vanquished.

Vanquished Creatures (collateral kills)
  Natasha (D:2)
  Robin (D:2)
  An adder (D:2)
  4 giant cockroaches
  10 goblins (D:2)
  4 hobgoblins
  4 bats
  2 giant newts (D:1)
  3 kobolds
  A rat (D:1)
31 creatures vanquished.

Grand Total: 32 creatures vanquished

Notes
Turn   | Place    | Note
--------------------------------------------------------------
     0 | D:1      | Joat the Tengu Summoner began the quest for the Orb.
     0 | D:1      | Reached XP level 1. HP: 10/10 MP: 4/4
   250 | D:1      | Reached skill level 5 in Summonings
   552 | D:1      | Reached XP level 2. HP: 11/15 MP: 0/6
   556 | D:1      | Learned a level 2 spell: Call Imp
  1179 | D:2      | Noticed Natasha
  1183 | D:2      | Killed Natasha
  1198 | D:2      | Noticed Robin
  1211 | D:2      | Killed Robin
  1211 | D:2      | Reached skill level 6 in Summonings
  1211 | D:2      | Reached XP level 3. HP: 19/19 MP: 1/7
  1216 | D:2      | Learned a level 3 spell: Summon Guardian Golem
  1538 | D:2      | Noticed Natasha
  1567 | D:2      | Slain by Natasha

Skill      XL: |  1  2 |
---------------+-------+-----
Summonings     | 5 6 |  6.3
Dodging        | |  2.1
Stealth        | |  2.0
Spellcasting   | |  2.0

Action                   || total
-------------------------++-------
Melee: Unarmed           ||    11
       Kick              ||     3
       Peck              ||     2
       Dagger            ||     1
       Short sword       ||     2
 Cast: Summon Small Mamm ||    33
       Call Imp          ||    22
       Summon Guardian G ||     2
  Eat: Meat ration       ||     1
Armor: Robe              ||     8
Dodge: Dodged            ||    27
